 Dungeon Crawl Stone Soup version 0.31.0-32-g396128a36d (webtiles) character file.

Game seed: 10674098638040221323

231 hawla the Firebug (level 5, -1/42 HPs)
             Began as a Deep Elf Fire Elementalist on Apr 19, 2024.
             Slain by a gnoll
             ... wielding a +2 flail of holy wrath
              (6 damage)
             ... on level 3 of the Dungeon.
             The game lasted 00:04:27 (2228 turns).

hawla the Firebug (Deep Elf Fire Elementalist)      Turns: 2228, Time: 00:04:29

Health: -1/42      AC: 22    Str: 11    XL:     5   Next: 72%
Magic:  0/11       EV:  2    Int: 22    God:
Gold:   192        SH:  0    Dex: 15    Spells: 3/10 levels left

rFire   . . .        k - +2 short sword (elec)
rCold   . . .        (no shield)
rNeg    . . .        a - melded +0 robe
rPois   +            (helmet currently unavailable)
rElec   .            f - melded +0 cloak
rCorr   .            j - melded +0 pair of gloves
SInv    .            (boots currently unavailable)
Will    .....        g - amulet of guardian spirit
Stlth   ++           h - +6 ring of strength
HPRegen 0.27/turn    (no ring)
MPRegen 0.12/turn

%: guardian spirit
@: mighty, tree-form
A: stationary, stasis, torment immunity, boosted hp, (electricity resistance)
a: no special abilities


You were on level 3 of the Dungeon.
You were a tree.
You visited 1 branch of the dungeon, and saw 3 of its levels.

You collected 192 gold pieces.

Inventory:

Hand Weapons
 k - a +2 short sword of electrocution (weapon)
Armour
 a - a +0 robe (melded)
 f - a +0 cloak (melded)
 j - a +0 pair of gloves (melded)
Jewellery
 g - an amulet of guardian spirit (around neck)
 h - a +6 ring of strength (left branch)


   Skills:
 - Level 2.4 Dodging
 - Level 2.4 Stealth
 - Level 3.0 Spellcasting
 - Level 1.1 Conjurations
 + Level 7.2 Fire Magic


You had 3 spell levels left.
You knew the following spells:

 Your Spells              Type           Power      Damage    Failure   Level
a - Foxfire               Conj/Fire      84%        2x1d8     2%          1
b - Scorch                Fire           70%        2d7       1%          2
c - Flame Wave            Conj/Fire      21%        2d8       22%         4

Your spell library contained the following spells:

 Spells                   Type           Power      Damage    Failure   Level
 Inner Flame              Hex/Fire       19%        N/A       9%          3
 Volatile Blastmotes      Fire/Tloc      38%        2d13      9%          3
 Kiss of Death            Conj/Necr      20%        2d7       10%         1
 Confusing Touch          Hex            3%         N/A       36%         3
 Dispel Undead            Necr           3%         3d7       77%         4


Dungeon Overview and Level Annotations

Branches:
Dungeon (3/15)

Altars:

Annotations:
D:3 Terence


Innate Abilities, Weirdness & Mutations

You are a tree.
Your roots penetrate the ground, keeping you stationary.
You cannot be teleported.
You are immune to unholy pain and torment.
Your maximum health is greatly increased.
Your equipment is partially melded.
((You are resistant to electric shocks. (rElec)))


Message History

The gnoll hits you with a +2 flail of holy wrath.
The jackal bites you but does no damage.
The gnoll hits you but does no damage.
An orc comes into view. It is wielding a +0 hand axe.
The orc shouts!
You hit the gnoll.
The gnoll is severely wounded.
You hear a shout!
The gnoll hits you but does no damage. The jackal bites you.
The gnoll hits you with a +0 whip.
* * * LOW HITPOINT WARNING * * *
The gnoll hits you from afar with a +0 spear.
* * * LOW HITPOINT WARNING * * *
The gnoll hits you but does no damage.
You aren't carrying any potions.
As you read the scroll labelled ZETHROLUMAO, it crumbles to dust.
It is a scroll of identify.
You don't currently have any unidentified items.
The gnoll hits you but does no damage.
The jackal bites you but does no damage.
The gnoll hits you but does no damage. x3
You barely miss the gnoll.
The gnoll is severely wounded.
The jackal bites you but does no damage.
The gnoll hits you but does no damage. x2; The jackal barely misses you.
The gnoll hits you but does no damage. x2
Unknown command.
You barely miss the gnoll.
The gnoll is severely wounded.
The gnoll hits you but does no damage.
The jackal bites you but does no damage.
The gnoll hits you but does no damage. x2; The gnoll barely misses you.
Unknown command.
You puncture the gnoll!
You kill the gnoll!
The jackal bites you but does no damage.
The gnoll hits you but does no damage. x2
The jackal bites you but does no damage.
The gnoll hits you with a +2 flail of holy wrath!
You die... ' .... ######''###### .............. .............. ###### ....oo..... #[.).# oggoo..

#.(..#########hg#######
#....'.......')♣'......
#)#####################
#.†....... #≈~~~≈~≈~~
≈≈≈≈≈≈≈≈≈≈≈ ~~~~†††~†~~
.........P. .......P...
###########


You could see 3 gnolls, 5 orcs and a jackal.

Vanquished Creatures
  2 howler monkeys (D:3)
  An orc priest (D:2)
  An orc wizard (D:3)
  5 gnolls (D:3)
  An adder (D:2)
  A dart slug (D:3)
  3 ribbon worms (D:2)
  6 orcs
  2 ball pythons (D:2)
  A bat (D:1)
  2 giant cockroaches
  4 goblins
  7 jackals (D:3)
  A quokka (D:2)
  A frilled lizard (D:1)
  2 kobolds (D:2)
  3 rats (D:2)
43 creatures vanquished.

Vanquished Creatures (collateral kills)
  A hobgoblin (D:2)
1 creature vanquished.

Vanquished Creatures (others)
  71 foxfires
71 creatures vanquished.

Grand Total: 115 creatures vanquished

Notes
Turn   | Place    | Note
-------+----------+-------------------------------------------
     0 | D:1      | hawla the Deep Elf Fire Elementalist began the quest for
                  | the Orb.
     0 | D:1      | Reached XP level 1. HP: 10/10 MP: 6/6
  1106 | D:2      | Noticed an orc priest
  1109 | D:2      | Gained mutation: You are resistant to electric shocks.
                  | (rElec) [potion of mutation]
  1121 | D:2      | Reached XP level 2. HP: 15/15 MP: 4/8
  1123 | D:2      | Reached skill level 4 in Fire Magic
  1128 | D:2      | Reached XP level 3. HP: 18/19 MP: 0/9
  1288 | D:2      | Reached skill level 5 in Fire Magic
  1411 | D:2      | Learned a level 2 spell: Scorch
  1633 | D:2      | Reached XP level 4. HP: 24/24 MP: 10/10
  2070 | D:3      | Reached skill level 6 in Fire Magic
  2074 | D:3      | Reached XP level 5. HP: 26/28 MP: 1/11
  2081 | D:3      | Learned a level 4 spell: Flame Wave
  2204 | D:3      | Reached skill level 7 in Fire Magic
  2221 | D:3      | Noticed Terence
  2228 | D:3      | Slain by a gnoll

Illustrated notes

Levels and vault maps discovered:
D:1:      minmay_arrival_up_and_down, layout_basic, minivault_5
D:2:      wander_river, layout_basic
D:3:      lemuel_castle_with_subvaults [lemuel_castle_interior_original],
          layout_loops_ring, basic_ecumenical_altar, lightli_sewer_entry_pipes,
          st_stairs_3, uniq_grinder, uniq_ijyb, uniq_terence

Skill      XL: |  1  2  3  4  5 |
---------------+----------------+-----
Fire Magic     | 4 5 6 7 |  7.2
Dodging        | |  2.4
Stealth        | |  2.4
Spellcasting   | |  3.0
Conjurations   | |  1.1

Action                     |  1- 3 |  4- 6 || total
---------------------------+-------+-------++-------
  Melee: Short sword       |    26 |    28 ||    54
   Cast: Foxfire           |    25 |    16 ||    41
         Scorch            |     3 |     5 ||     8
         Flame Wave        |       |     1 ||     1
    Use: Potion            |     3 |     3 ||     6
         Scroll            |     2 |     4 ||     6
   Stab: Sleeping          |     1 |       ||     1
 Armour: Robe              |    15 |    10 ||    25
         Skin              |       |    69 ||    69
  Dodge: Dodged            |    12 |    10 ||    22
